 Dungeon Crawl Stone Soup version 0.27-a0-343-gfcad680f63 (webtiles) character file.

Game seed: 313457615724387592

21 jestyr24 the Chopper (level 2, -5/27 HPs)
             Began as a Minotaur Berserker on Feb 15, 2021.
             Was a Follower of Trog.
             Slain by a gnoll
             ... wielding a +0 flail
              (8 damage)
             ... on level 2 of the Dungeon.
             The game lasted 00:01:11 (777 turns).

jestyr24 the Chopper (Minotaur Berserker)            Turns: 777, Time: 00:01:12

Health: -5/27      AC:  2    Str: 21    XL:     2   Next: 62%
Magic:  1/1        EV: 12    Int:  4    God:    Trog [*.....]
Gold:   40         SH:  0    Dex:  9    Spells: 1/1 levels left

rFire    + . .     SeeInvis .   a - +0 hand axe
rCold    x . .     Faith    .   (no shield)
rNeg     . . .     Spirit   .   b - +0 animal skin
rPois    .         Reflect  .   (helmet restricted)
rElec    .         Harm     .   (no cloak)
rCorr    .         Rampage  .   (no gloves)
Will     .....                  (no boots)
Stlth    +.........             (no amulet)
HPRegen  0.09/turn              c - ring of fire
MPRegen  0.07/turn              (no ring)

@: no status effects
A: retaliatory headbutt, horns 2
a: Renounce Religion, Berserk


You were on level 2 of the Dungeon.
You worshipped Trog.
Trog was aware of your devotion.
You visited 1 branch of the dungeon, and saw 2 of its levels.

You collected 40 gold pieces.

Inventory:

Hand Weapons
 a - a +0 hand axe (weapon)
Armour
 b - a +0 animal skin (worn)
Jewellery
 c - a ring of fire (left hand)
Scrolls
 d - 2 scrolls of teleportation {unknown}
 e - a scroll of identify {unknown}
 f - a scroll of fear {unknown}


   Skills:
 + Level 4.1 Fighting
 + Level 4.2 Axes
 + Level 2.7 Armour
 + Level 2.3 Dodging


You had one spell level left.
You didn't know any spells.
Your spell library was empty.

Dungeon Overview and Level Annotations

Branches:
Dungeon (2/15)

Altars:


Innate Abilities, Weirdness & Mutations

You reflexively headbutt those who attack you in melee.
You have a pair of horns on your head.


Message History

You hit the hobgoblin.
You kill the hobgoblin!
Trog accepts your kill.
You see here a hobgoblin corpse.
You see here a hobgoblin corpse.
You see here a giant cockroach corpse.
You see here a +0 dagger.
There is a stone staircase leading down here.
You open the door.
There is an open door here.
You fall into a shaft and drop 1 floor!
The shaft crumbles and collapses. 3 gnolls come into view.
Found an iron ring.
Found two stone staircases leading down.
The gnoll shouts! x3
A goblin comes into view. It is wielding a +0 club.
Found a stone staircase leading up.
The gnoll closely misses you.
The gnoll hits you from afar with a +4 spear.
The gnoll misses you. x2
You barely miss the gnoll. The gnoll closely misses you.
You hit the gnoll.
The gnoll is moderately wounded.
You closely miss the goblin. The gnoll hits you with a +4 spear.
The gnoll hits you from afar with a +0 spear.
The goblin hits you but does no damage.
You hit the gnoll.
The gnoll is severely wounded.
You hit the goblin.
You kill the goblin!
Trog accepts your kill. The gnoll hits you with a +4 spear!
* * * LOW HITPOINT WARNING * * *
The gnoll hits you from afar with a +0 spear.
* * * LOW HITPOINT WARNING * * *
You hit the gnoll.
The gnoll is almost dead.
You closely miss the gnoll. The gnoll hits you with a +0 flail!
You die...

#### ####
#.... #..
......#g###
<>......gg#
.....=..#@#
......>.#.#
.##.....#.#
#.#.g##.#
...g.. ..#
.........##
.#.......
.... .....


You could see 3 gnolls.

Vanquished Creatures
  A dart slug (D:1)
  A leopard gecko (D:1)
  A ball python (D:1)
  3 giant cockroaches (D:1)
  3 goblins
  3 hobgoblins (D:1)
  A kobold (D:1)
  A frilled lizard (D:1)
14 creatures vanquished.

Notes
Turn   | Place    | Note
-------+----------+-------------------------------------------
     0 | D:1      | jestyr24 the Minotaur Berserker began the quest for the
                  | Orb.
     0 | D:1      | Reached XP level 1. HP: 19/19 MP: 0/0
   410 | D:1      | Reached XP level 2. HP: 27/27 MP: 1/1
   762 | D:1      | You fall into a shaft and drop 1 floor!
   777 | D:2      | Slain by a gnoll

Illustrated notes

Levels and vault maps discovered:
D:1:      dpeg_arrival_triangle_fractal, layout_basic, chequers_arboretum
D:2:      layout_loops_cross, uniq_robin, uniq_sigmund

Skill      XL: |  1  2 |
---------------+-------+-----
Axes           | 4 |  4.2
Fighting       | 4 |  4.1
Armour         | |  2.7
Dodging        | |  2.3

Action                   || total
-------------------------++-------
Melee: Hand axe          ||    27
       Headbutt          ||     2
Armor: Animal skin       ||     3
Dodge: Dodged            ||    15

Table legend: (Time is in decaauts)
 A = Elapsed time spent in this place.
 B = Non-inter-level travel time spent in this place.
 C = Inter-level travel time spent in this place.
 D = Time resting spent in this place.
 E = Time spent auto-exploring this place.
 F = Levels seen in this place.
 G = Mean time per level.
                   A        B        C        D        E       F      G
               +--------+--------+--------+--------+--------+-----+--------+
         Total |    778 |    778 |      0 |      0 |    633 |   2 |  389.0 |
       Dungeon |    778 |    778 |      0 |      0 |    633 |   2 |  389.0 |
               +--------+--------+--------+--------+--------+-----+--------+

Top non-repeatable levels by time:
     D:1: 763 daAuts
     D:2: 15 daAuts
